 Dungeon Crawl Stone Soup version 0.30-a0-605-gb2882149bf (webtiles) character file.

Game seed: 3889772838106591022

16177 pokeman the Eclecticist (level 12, -2/64 HPs)
             Began as a Deep Elf Hedge Wizard on Jan 7, 2023.
             Was an Elder of Vehumet.
             Slain by a rakshasa (illusionary)
             ... wielding a +0 trident of protection
              (4 damage)
             ... on level 12 of the Dungeon.
             The game lasted 00:43:04 (14852 turns).

pokeman the Eclecticist (Deep Elf Hedge Wizard)    Turns: 14852, Time: 00:43:05

Health: -2/64      AC: 25    Str:  6    XL:     12   Next: 7%
Magic:  28/42      EV: 10    Int: 24    God:    Vehumet [****..]
Gold:   901        SH:  0    Dex: 15    Spells: 28/42 levels left

rFire   x . .      SeeInvis .    M - +1 dagger (venom)
rCold   + + .      Faith    .    (no shield)
rNeg    + . .      Spirit   .    s - +8 ring mail of Bad Feelings {rF- rC++ Regen+ rCorr}
rPois   +          Reflect  .    N - +2 hat
rElec   .          Harm     .    Q - +2 ratskin cloak {*Rats rPois rN+ Str-1 Int-1 Dex+1}
rCorr   +          Rampage  .    z - +0 pair of gloves
Will    +....                    j - +0 pair of boots
Stlth   ++                       y - amulet of regeneration
HPRegen 1.90/turn                L - ring of magical power
MPRegen 0.28/turn                G - +4 ring of protection

@: about to teleport
A: no striking features
a: Renounce Religion


You were on level 12 of the Dungeon.
You worshipped Vehumet.
Vehumet was greatly pleased with you.
You visited 2 branches of the dungeon, and saw 13 of its levels.
You also visited: Sewer and Ossuary.

You collected 901 gold pieces.

Inventory:

Hand Weapons
 M - a +1 dagger of venom (weapon)
Missiles
 t - 5 curare-tipped darts
 x - 2 throwing nets
Armour
 j - a +0 pair of boots (worn)
 s - the +8 ring mail of Bad Feelings (worn) {rF- rC++ Regen+ rCorr}
   (You found it on level 10 of the Dungeon)

   rF:        It makes you vulnerable to fire.
   rC:        It greatly protects you from cold.
   Regen:     It increases your rate of health regeneration.
   rCorr:     It protects you from acid and corrosion.
 z - a +0 pair of gloves (worn)
 N - a +2 hat (worn)
 Q - the +2 ratskin cloak (worn) {*Rats rPois rN+ Str-1 Int-1 Dex+1}
   (You found it on level 7 of the Dungeon)

   When the wearer is hurt, rats may emerge from it to assist them.
   Str:       It affects your strength (-1).
   Int:       It affects your intelligence (-1).
   Dex:       It affects your dexterity (+1).
   rPois:     It protects you from poison.
   rN:        It protects you from negative energy.
Magical Staves
 C - a staff of fire
Jewellery
 y - an amulet of regeneration (around neck)
 G - a +4 ring of protection (right hand)
 L - a ring of magical power (left hand)
 T - a ring of fire
Wands
 b - a wand of digging (8)
 R - a wand of iceblast (1)
 S - a wand of light (6)
 V - a wand of polymorph (7)
Scrolls
 c - a scroll of fog {unknown}
 e - a scroll of fear {unknown}
 f - a scroll of enchant armour {unknown}
 g - 7 scrolls of teleportation
 i - a scroll of blinking
 v - 2 scrolls of magic mapping
 A - 4 scrolls of enchant weapon {unknown}
 I - a scroll of vulnerability {unknown}
 X - a scroll of acquirement {unknown}
 Y - a scroll of torment {unknown}
Potions
 a - 12 potions of curing
 d - 2 potions of magic
 k - a potion of berserk rage {unknown}
 o - 5 potions of heal wounds
 p - a potion of cancellation {unknown}
 q - 3 potions of mutation {unknown}
 r - 4 potions of haste {unknown}
 D - 2 potions of invisibility {unknown}
 J - 2 potions of lignification {unknown}
 K - 2 potions of degeneration {unknown}
 O - a potion of ambrosia {unknown}
 U - 2 potions of attraction {unknown}
Miscellaneous
 W - a box of beasts


   Skills:
 - Level 3.0 Fighting
 - Level 4.0 Armour
 - Level 3.0 Dodging
 - Level 3.0 Stealth
 + Level 3.7 Shields
 * Level 15.5 Spellcasting
 + Level 9.6 Conjurations
 + Level 8.2 Summonings
 - Level 1.1 Translocations
 + Level 8.0 Fire Magic
 - Level 1.0 Air Magic
 - Level 1.1 Earth Magic
 - Level 1.0 Poison Magic
 - Level 1.0 Evocations


You had 28 spell levels left.
You knew the following spells:

 Your Spells              Type           Power      Damage    Failure   Level
a - Magic Dart            Conj           100%       1d8       1%          1
b - Mephitic Cloud        Conj/Pois/Air  37%        N/A       1%          3
c - Call Imp              Summ           55%        N/A       1%          2
d - Blink                 Tloc           46%        N/A       11%         2
e - Foxfire               Conj/Fire      100%       2x1d9     1%          1
f - Iskenderun's Battles  Conj           60%        2d11      1%          5

Your spell library contained the following spells:

 Spells                   Type           Power      Damage    Failure   Level
 Fulminant Prism          Conj/Hex       20%        3d12      4%          4
 Call Canine Familiar     Summ           55%        N/A       1%          3
 Hailstorm                Conj/Ice       41%        3d10      1%          3
 Frozen Ramparts          Ice            36%        1d6       9%          3
 Slow                     Hex            72%        N/A       11%         1
 Irradiate                Conj/Tmut      20%        3d18      11%         5
 Cigotuvi's Dreadful Rot  Necr/Pois/Air  42%        N/A       12%         2
 Sublimation of Blood     Necr           18%        N/A       16%         2
 Summon Ice Beast         Ice/Summ       38%        N/A       21%         4
 Portal Projectile        Hex/Tloc       42%        N/A       26%         3
 Leda's Liquefaction      Hex/Erth       10%        N/A       63%         4
 Petrify                  Tmut/Erth      21%        N/A       63%         4
 Ice Form                 Ice/Tmut       18%        N/A       71%         4
 Borgnjor's Vile Clutch   Necr/Erth      10%        N/A       93%         5
 Alistair's Intoxication  Tmut/Pois      14%        N/A       94%         5
 Eringya's Noxious Bog    Tmut/Pois      10%        N/A       95%         6
 Simulacrum               Ice/Necr       9%         N/A       100%        6


Dungeon Overview and Level Annotations

Branches:
Dungeon (12/15)            Temple (1/1) D:4            Lair (0/5) D:10
    Orc (0/2) D:9           Sewer (visited)         Ossuary (visited)

Altars:
Ashenzari
Cheibriados
Dithmenos
Elyvilon
Fedhas
Gozag
Hepliaklqana
Kikubaaqudgha
Makhleb
Nemelex Xobeh
Okawaru
Qazlal
Ru
Sif Muna
Trog
Uskayaw
Vehumet
Wu Jian
Xom
Yredelemnul
Zin
The Shining One

Shops:
D:10 ((((   D:11 (

Portals:
Trove: D:10 (give 5 scrolls of fog)


Message History

The rakshasa blinks!
The rakshasa hits your river rat with a +0 trident of protection!!
Your river rat dies!
You open the door.
You feel stable enough to blink again.
The rakshasa blinks!
The rakshasa hits you from afar with a +0 trident of protection!
A river rat scurries out from under your cloak.
Found 2 atropa-tipped darts.
The rakshasa blinks!
There is an open door here.
As you read the scroll of teleportation, it crumbles to dust.
You feel strangely unstable. The rakshasa closely misses you.
The rakshasa hits you from afar with a +0 trident of protection.
A river rat scurries out from under your cloak.
Your river rat closely misses the rakshasa.
Your surroundings suddenly seem different.
The rakshasa hits your battlesphere with a +0 trident of protection!!
Your battlesphere is destroyed!
Your river rat completely misses the rakshasa.
Your river rat closely misses the rakshasa.
Casting: Blink (safe; 11% risk of failure)
Confirm with . or Enter, or press ? or * to list all spells.
You conjure a globe of magical energy.
The rakshasa hits you from afar with a +0 trident of protection!
The rakshasa gestures at you. The lance of force hits you!
* * * LOW HITPOINT WARNING * * *
A river rat scurries out from under your cloak.
You are knocked back by the lance of force.
You slam into the rock wall!
The rakshasa hits you but does no damage. x2
Your river rat closely misses the rakshasa.
Your river rat bites the rakshasa but does no damage.
Your river rat bites the rakshasa.
As you read the scroll of teleportation, it crumbles to dust.
You feel strangely unstable.
The rakshasa hits you from afar with a +0 trident of protection!
* * * LOW HITPOINT WARNING * * *
The rakshasa hits you from afar with a +0 trident of protection.
You die...

...........#..#.....#
####...##..#..##.####
...#....#...........#
...#....'...........#####
...#....#...........'...#
#..##########..rr...#.(.#
#..#....#...#...RRR.#...#
#..'....#...#..*.r..#...#
#..#(...#...#...@...#####
#.##...##.#####..####
..#.......# #..#
..#.......# +..+
..#.......# #..#
..#.......# #..#
########### #..# ....
....


You could see 3 rakshasas, a friendly battlesphere and 3 friendly river rats.

Vanquished Creatures
  A hydra (D:10)
  A vault guard (D:10)
  3 two-headed ogres
  2 boulder beetles (D:12)
  3 death yaks (D:10)
  A deep elf pyromancer (D:11)
  A cyclops (D:12)
  2 gargoyles
  3 trolls
  2 hornets
  Sigmund (D:4)
  2 shadows (D:11)
  A wraith (D:9)
  9 yaks
  2 wyverns
  4 vampire mosquitoes (D:12)
  2 steam dragons
  Menkaure (D:4)
  An acid dragon (D:10)
  2 water moccasins (D:8)
  An ice beast (D:7)
  3 orc warriors
  2 sky beasts
  A black bear (D:4)
  An ogre (D:7)
  2 centaurs (D:10)
  4 kobold brigands
  2 bullfrogs (D:9)
  3 scorpions
  8 wights (D:7)
  5 electric eels (D:10)
  12 howler monkeys
  4 jellies
  6 hounds
  Crazy Yiuf (D:4)
  A gnoll bouda (D:8)
  3 orc priests
  3 iguanas
  3 hell rats (D:7)
  Natasha (thrice) (D:2)
  15 orc wizards
  2 mummies (Ossuary)
  10 gnolls
  7 adders
  20 river rats
  A shadow imp (D:6)
  3 white imps
  11 adder zombies (Ossuary)
  2 worms
  3 dart slugs
  45 orcs
  8 ball pythons
  14 endoplasms
  8 giant cockroaches
  2 gnoll zombies (Ossuary)
  4 goblins
  10 hobgoblins
  8 jackals
  23 kobolds
  9 quokkas
  7 bats
  12 frilled lizards
  3 hobgoblin zombies (Ossuary)
  10 kobold zombies (Ossuary)
  2 orc zombies (Ossuary)
  12 rats
  A foxfire (D:10)
364 creatures vanquished.

Vanquished Creatures (collateral kills)
  A troll (D:10)
  A water moccasin (D:9)
  A howler monkey (D:8)
  A hell rat (D:10)
  A quokka (D:4)
  2 foxfires
7 creatures vanquished.

Vanquished Creatures (others)
  An electric eel (D:10)
  An orc wizard (D:6)
  1081 foxfires
  6 plants (D:10)
1089 creatures vanquished.

Grand Total: 1460 creatures vanquished

Notes
Turn   | Place    | Note
-------+----------+-------------------------------------------
     0 | D:1      | pokeman the Deep Elf Hedge Wizard began the quest for the
                  | Orb.
     0 | D:1      | Reached XP level 1. HP: 10/10 MP: 7/7
   230 | D:1      | Reached XP level 2. HP: 14/16 MP: 0/9
   805 | D:1      | Reached skill level 5 in Spellcasting
  1008 | D:1      | Reached XP level 3. HP: 20/20 MP: 9/11
  1012 | D:1      | Learned a level 3 spell: Mephitic Cloud
  1015 | D:1      | Learned a level 2 spell: Call Imp
  1018 | D:1      | Learned a level 2 spell: Blink
  1432 | D:2      | Reached skill level 1 in Armour
  1750 | D:2      | Reached skill level 1 in Fighting
  1936 | D:2      | Noticed Natasha
  1951 | D:2      | Killed Natasha
  1952 | D:2      | Reached XP level 4. HP: 15/25 MP: 6/13
  2252 | D:2      | Noticed Natasha
  2269 | D:2      | Killed Natasha
  2932 | D:2      | Noticed Natasha
  2940 | D:2      | Killed Natasha
  2941 | D:2      | Reached skill level 6 in Spellcasting
  2941 | D:2      | Reached XP level 5. HP: 14/29 MP: 8/15
  3278 | D:3      | Reached skill level 1 in Shields
  3278 | D:3      | Found a glowing drain.
  3350 | Sewer    | Entered a sewer
  3903 | Sewer    | Reached XP level 6. HP: 34/34 MP: 11/17
  3910 | Sewer    | Reached skill level 1 in Evocations
  3985 | Sewer    | Found a viscous altar of Jiyva.
  4030 | Sewer    | Reached skill level 1 in Air Magic
  4106 | Sewer    | Reached skill level 7 in Spellcasting
  4812 | D:4      | Noticed Sigmund
  4830 | D:4      | Reached skill level 1 in Poison Magic
  5043 | D:4      | Reached skill level 1 in Earth Magic
  5123 | D:4      | Killed Sigmund
  5124 | D:4      | Reached XP level 7. HP: 38/38 MP: 17/20
  5161 | D:4      | Found a staircase to the Ecumenical Temple.
  5172 | Temple   | Entered the Ecumenical Temple
  5256 | Temple   | Became a worshipper of Vehumet
  5642 | D:4      | Noticed Menkaure
  5653 | D:4      | Killed Menkaure
  5654 | D:4      | Reached skill level 5 in Conjurations
  5659 | D:4      | Reached skill level 8 in Spellcasting
  6225 | D:4      | Found a runed translucent door.
  6226 | D:4      | Noticed Crazy Yiuf
  6238 | D:4      | Killed Crazy Yiuf
  6362 | D:5      | Entered Level 5 of the Dungeon
  6514 | D:5      | Found a sand-covered staircase.
  6526 | Ossuary  | Entered an ossuary
  6567 | Ossuary  | Reached * piety under Vehumet
  6567 | Ossuary  | Offered knowledge of Foxfire by Vehumet.
  6584 | Ossuary  | Learned a level 1 spell: Foxfire
  6694 | Ossuary  | Reached XP level 8. HP: 42/44 MP: 19/22
  6869 | D:5      | Reached skill level 1 in Fire Magic
  6945 | D:5      | Reached skill level 9 in Spellcasting
  7287 | D:6      | Reached ** piety under Vehumet
  7287 | D:6      | Offered knowledge of Freeze by Vehumet.
  7705 | D:6      | Offered knowledge of Dazzling Flash by Vehumet.
  7711 | D:6      | Reached skill level 10 in Spellcasting
  7718 | D:6      | Reached XP level 9. HP: 41/50 MP: 14/25
  8294 | D:7      | Reached *** piety under Vehumet
  8641 | D:7      | Reached skill level 11 in Spellcasting
  8759 | D:7      | Offered knowledge of Iskenderun's Mystic Blast by Vehumet.
  8896 | D:7      | Found the +2 ratskin cloak {*Rats rPois rN+ Str-1 Int-1
                  | Dex+1}
  9008 | D:7      | Reached skill level 5 in Summonings
  9596 | D:8      | Reached XP level 10. HP: 56/56 MP: 27/27
  9596 | D:8      | Reached **** piety under Vehumet
  9750 | D:8      | Offered knowledge of Iskenderun's Battlesphere by Vehumet.
  9919 | D:9      | Found a blossoming altar of Fedhas.
  9958 | D:9      | Reached skill level 12 in Spellcasting
 10015 | D:9      | Reached skill level 5 in Fire Magic
 10083 | D:9      | Noticed a gargoyle
 10122 | D:9      | Killed a gargoyle
 10213 | D:9      | Noticed a two-headed ogre
 10216 | D:9      | Killed a two-headed ogre
 10361 | D:9      | Found a staircase to the Orcish Mines.
 10686 | D:10     | Entered Level 10 of the Dungeon
 10740 | D:10     | Noticed a rakshasa
 10867 | D:10     | Found Jacim's Weapon Shoppe.
 10868 | D:10     | Found Sixifoaz's Weapon Shoppe.
 10881 | D:10     | Reached skill level 13 in Spellcasting
 11009 | D:10     | Noticed a death yak
 11015 | D:10     | Noticed a death yak
 11016 | D:10     | Noticed a death yak
 11124 | D:10     | Found Dyssualu's Antique Weapon Shoppe.
 11201 | D:10     | Found Peyl's Antique Weapon Emporium.
 11371 | D:10     | Learned a level 5 spell: Iskenderun's Battlesphere
 11423 | D:10     | Killed a death yak
 11587 | D:10     | Found a staircase to the Lair.
 11615 | D:9      | Reached ***** piety under Vehumet
 11615 | D:9      | Offered knowledge of Fulminant Prism by Vehumet.
 11897 | D:10     | Noticed a vault guard
 11900 | D:10     | Killed a vault guard
 11901 | D:10     | Reached XP level 11. HP: 60/60 MP: 30/30
 11905 | D:10     | Found a portal to a secret trove of treasure.
 12029 | D:10     | Killed a death yak
 12046 | D:10     | Killed a death yak
 12191 | D:10     | Noticed a two-headed ogre
 12194 | D:10     | Noticed a four-headed hydra
 12385 | D:10     | Killed a four-headed hydra
 12386 | D:10     | Reached skill level 14 in Spellcasting
 12644 | D:10     | Killed a two-headed ogre
 12732 | D:10     | Identified the +8 ring mail of Bad Feelings {rF- rC++
                  | Regen+ rCorr}
 13067 | D:11     | Noticed a deep elf pyromancer
 13084 | D:11     | Killed a deep elf pyromancer
 13272 | D:11     | Noticed a two-headed ogre
 13277 | D:11     | Killed a two-headed ogre
 13387 | D:11     | Found Diudu's Weapon Shop.
 13988 | D:12     | Noticed a boulder beetle
 14014 | D:12     | Killed a boulder beetle
 14015 | D:12     | Reached skill level 15 in Spellcasting
 14491 | D:12     | Noticed a boulder beetle
 14504 | D:12     | Killed a boulder beetle
 14505 | D:12     | Reached XP level 12. HP: 35/64 MP: 26/33
 14852 | D:12     | HP: 2/64 [rakshasa (illusionary)/+0 trident of protection
                  | (8)]
 14852 | D:12     | Slain by a rakshasa (illusionary)

Illustrated notes

Levels and vault maps discovered:
D:1:      lemuel_arrival_river_bridge, layout_basic
D:2:      minmay_alternating_diamond, layout_loops_corners, uniq_natasha
D:3:      layout_basic, portal_sewer_entry_b
D:4:      layout_rooms, minmay_temple_entry_mist, serial_co_window_serial,
          co_window_paths_a, co_window_paths_a, co_window_of_opportunity_a,
          co_window_paths_a, co_window_of_opportunity_a, co_window_2corner,
          co_window_of_opportunity_b, co_window_corner_b, co_window_2corner,
          co_window_4corner_b, co_window_sun, glass_columns_c, glass_columns_c,
          glass_columns_c, uniq_sigmund, uniq_crazy_yiuf_cottage, uniq_menkaure
D:5:      layout_rooms, chequers_ossuary_entry_cave, minivault_4
D:6:      layout_basic
D:7:      wander_guarded_unrand_ratskin, layout_cave_pools
D:8:      layout_basic
D:9:      layout_loops_ring, fedhas_ov_isle_minmay, orc_0_dummy,
          kennysheep_potato
D:10:     cheibrodos_two_vegetables, layout_basic, dpeg_lair_monsters,
          serial_shops, nicolae_shop_crystal, nicolae_take_the_stairs, shop,
          nicolae_shop_trees, enter_trove_5, minmay_misc_feat_five
D:11:     layout_long_grid, serial_shops, shop
D:12:     layout_grid_maze
Temple:   compressed_dpeg_triangle_lava_temple

Skill      XL: |  1  2  3  4  5  6  7  8  9 10 11 |
---------------+----------------------------------+-----
Spellcasting   | 5 6 7 8 10 11 13 15 | 15.5
Armour         | 1 2 4 |  4.0
Fighting       | 1 2 3 |  3.0
Conjurations   | 2 3 4 5 6 7 8 9 |  9.6
Dodging        | 3 |  3.0
Shields        | 1 3 |  3.7
Stealth        | 3 |  3.0
Evocations     | 1 |  1.0
Air Magic      | 1 |  1.0
Poison Magic   | 1 |  1.0
Earth Magic    | 1 |  1.1
Summonings     | 2 3 5 6 8 |  8.2
Fire Magic     | 3 4 6 8 |  8.0
Translocations | |  1.1

Action                   |  1- 3 |  4- 6 |  7- 9 | 10-12 || total
-------------------------+-------+-------+-------+-------++-------
Melee: Dagger            |    20 |    26 |   117 |    66 ||   229
       Punch             |       |       |     2 |     1 ||     3
 Cast: Magic Dart        |    97 |   186 |    61 |    13 ||   357
       Mephitic Cloud    |     1 |     8 |    10 |    43 ||    62
       Call Imp          |       |     2 |     2 |     4 ||     8
       Foxfire           |       |       |   281 |   321 ||   602
       Blink             |       |       |     3 |     9 ||    12
       Iskenderun's Batt |       |       |       |    19 ||    19
Evoke: Wand              |       |       |       |     8 ||     8
  Use: Scroll            |       |       |       |    14 ||    14
 Stab: Confused          |     1 |     2 |     1 |     7 ||    11
       Sleeping          |       |       |     4 |       ||     4
       Distracted        |       |       |     1 |       ||     1
       Invisible         |       |       |       |     1 ||     1
Armor: Robe              |     5 |    11 |    21 |       ||    37
       Steam dragon scal |       |       |    31 |    38 ||    69
       Ring mail         |       |       |       |    48 ||    48
Dodge: Dodged            |    22 |    30 |    81 |   100 ||   233

Table legend: (Time is in decaauts)
 A = Elapsed time spent in this place.
 B = Non-inter-level travel time spent in this place.
 C = Inter-level travel time spent in this place.
 D = Time resting spent in this place.
 E = Time spent auto-exploring this place.
 F = Levels seen in this place.
 G = Mean time per level.
                   A        B        C        D        E       F      G
               +--------+--------+--------+--------+--------+-----+--------+
         Total |  14937 |  13990 |    947 |    605 |  10420 |  15 |  995.8 |
       Dungeon |  13672 |  12738 |    934 |    605 |   9444 |  12 | 1139.3 |
        Temple |    122 |    110 |     12 |      0 |     68 |   1 |  122.0 |
         Sewer |    842 |    842 |      0 |      0 |    704 |   1 |  842.0 |
       Ossuary |    300 |    300 |      0 |      0 |    204 |   1 |  300.0 |
               +--------+--------+--------+--------+--------+-----+--------+

Top non-repeatable levels by time:
    D:10: 1894 daAuts
     D:2: 1770 daAuts
     D:1: 1276 daAuts
     D:4: 1233 daAuts
     D:3: 1200 daAuts
     D:9: 1135 daAuts
    D:11: 1118 daAuts
     D:6: 1039 daAuts
     D:7: 943 daAuts
   Sewer: 842 daAuts
     D:8: 743 daAuts
    D:12: 705 daAuts
     D:5: 612 daAuts
 Ossuary: 300 daAuts
  Temple: 122 daAuts
